 Dungeon Crawl Stone Soup version 0.26-a0-663-g36e8fdb655 (webtiles) character file.

Game seed: 17034088205568139475

2732 mg7810 the Chopper (level 9, -1/66 HPs)
             Began as a Human Fighter on Oct 11, 2020.
             Was a Priest of Ru.
             Killed by nerve-wracking pain
             ... invoked by an orc priest
              (12 damage)
             ... on level 8 of the Dungeon.
             The game lasted 00:22:48 (7635 turns).

mg7810 the Chopper (Human Fighter)                  Turns: 7635, Time: 00:22:50

Health: -1/66      AC: 14    Str: 25    XL:     9   Next: 99%
Magic:  9/9        EV:  3    Int: 10    God:    Ru [***...]
Gold:   203        SH: 16    Dex: 12    Spells: 8/8 levels left

rFire    . . .     SeeInvis .   E - +5 hand axe of the Thieving Hero {elec, +Rage +Inv}
rCold    . . .     Faith    +   t - +0 tower shield
rNeg     . . .     Spirit   .   x - +0 plate armour
rPois    +         Reflect  .   w - +0 helmet
rElec    .         Harm     .   k - +0 cloak
rCorr    .         Rampage  .   (no gloves)
MR       .....                  (no boots)
Stlth    ..........             K - amulet of faith
HPRegen  0.21/turn              l - ring of poison resistance
MPRegen  0.11/turn              C - +6 ring of strength

@: no status effects
A: hated by all, unskilled 1
a: Draw Out Power, Renounce Religion, Evoke Berserk Rage, Evoke Invisibility


You were on level 8 of the Dungeon.
You worshipped Ru.
Ru was most pleased with you.
You visited 1 branch of the dungeon, and saw 8 of its levels.

You collected 411 gold pieces.
You spent 208 gold pieces at shops.

Inventory:

Hand Weapons
 a - a +1 war axe
 E - the +5 hand axe of the Thieving Hero (weapon) {elec, +Rage +Inv}
   (You bought it in a shop on level 6 of the Dungeon)

   Occasionally, upon striking a foe, it will discharge some electrical energy
   and cause terrible harm.
   It lets you turn invisible.
   It lets you go berserk.
 H - the +10 morningstar "mg7810's Death" {vorpal, rPois MR+}
   (You found it on level 7 of the Dungeon)

   It inflicts extra damage upon your enemies.
   It protects you from poison.
   It affects your resistance to hostile enchantments.
 J - the +4 long sword of Gluttony {vorpal, Str+2}
   (You found it on level 7 of the Dungeon)

   It inflicts extra damage upon your enemies.
   It affects your strength (+2).
Missiles
 j - 3 curare-tipped darts
 m - 8 boomerangs
 s - 45 poisoned darts
 u - 8 javelins (quivered)
Armour
 k - a +0 cloak (worn)
 t - a +0 tower shield (worn)
 w - a +0 helmet (worn)
 x - a +0 plate armour (worn)
Jewellery
 l - a ring of poison resistance (left hand)
 y - an uncursed ring of see invisible
 C - a +6 ring of strength (right hand)
 K - an amulet of faith (around neck)
Wands
 r - a wand of paralysis (2)
 v - a wand of digging (4)
 z - a wand of random effects (15)
Scrolls
 e - a scroll of fog
 f - a scroll of enchant weapon
 p - 2 scrolls of fear
 q - 3 scrolls of remove curse
 A - a scroll of torment {unknown}
 B - 3 scrolls of enchant armour {unknown}
 D - 2 scrolls of magic mapping {unknown}
 G - 2 scrolls of amnesia {unknown}
 I - a scroll of identify
Potions
 b - 5 potions of curing {unknown}
 d - 2 potions of magic {unknown}
 g - 3 potions of degeneration {unknown}
 h - 4 potions of flight
 i - a potion of heal wounds
 n - a potion of berserk rage {unknown}
 o - a potion of haste {unknown}
 F - a potion of stabbing {unknown}


   Skills:
 + Level 4.7 Fighting
 + Level 7.1 Axes
 * Level 4.6 Throwing
 + Level 4.8 Armour
 + Level 5.7 Shields
 * Level 3.0 Evocations


You had 8 spell levels left.
You didn't know any spells.
Your spell library was empty.

Dungeon Overview and Level Annotations

Branches:
Dungeon (8/15)             Temple (0/1) D:6
   Lair: D:8-11

Altars:
Ashenzari
Cheibriados
Elyvilon
Gozag
Hepliaklqana
Makhleb
Qazlal
Ru
Sif Muna
Trog
Vehumet
Wu Jian
Yredelemnul

Shops:
D:6 :((*}   D:7 (=


Innate Abilities, Weirdness & Mutations

You are hated by all.
You are somewhat unskilled. (-1 Apt)


Message History

The ogre hits you with a +0 giant club.
The orc throws a boomerang.
You block the boomerang.
The weapon returns to the orc!
You hit the ogre. Lightning courses through the ogre!
You kill the ogre!
Your Evocations skill increases to level 3!
You closely miss the orc priest.
The orc priest mumbles some strange prayers to Beogh against you.
Beogh smites you!
* * * LOW HITPOINT WARNING * * *
The orc throws a boomerang.
The boomerang hits you but does no damage.
The weapon returns to the orc!
You barely miss the orc priest.
The orc priest is almost dead.
The orc priest begins to pray, but is stunned by your will!
The orc throws a boomerang.
You block the boomerang.
The weapon returns to the orc!
The orc priest mumbles some strange prayers to Beogh against you.
Pain shoots through your body!
You die...

###'########..#
#)# ### #..#
#(# #<# #..#
#.# #.# #.$# #
#.# #.# #..####
.## #.# #.#
#.....##>...
#.###.#
##.#o.......
#.....#
#.#...###..
####### #?.@..#
###o)## #....
#.#### #.# #.#
#.# ###


You could see an orc priest and an orc.

Vanquished Creatures
  Prince Ribbit (D:7)
  Menkaure (D:6)
  5 ice beasts
  A phantom (D:7)
  A sky beast (D:5)
  3 ogres
  2 centaurs
  2 big kobolds (D:7)
  A scorpion (D:4)
  5 wights (D:7)
  A howler monkey (D:6)
  2 hounds
  A jelly (D:6)
  A gnoll shaman (D:7)
  A centaur skeleton (D:5)
  An iron imp (D:6)
  9 orc priests
  2 iguanas
  Terence (D:3)
  3 orc wizards
  3 worker ants
  A hound zombie (D:8)
  A worker ant zombie (D:5)
  7 gnolls
  7 adders
  2 white imps
  2 oozes
  2 adder zombies
  An adder skeleton (D:4)
  A worm (D:3)
  2 dart slugs
  3 leopard geckos
  17 orcs
  11 bats
  3 giant cockroaches
  6 goblins
  6 hobgoblins
  10 jackals
  4 quokkas
  A ball python (D:4)
  4 frilled lizards
  16 kobolds
  A quokka skeleton (D:7)
  5 rats
160 creatures vanquished.

Vanquished Creatures (others)
  2 fungi (D:8)
  A plant (D:8)
3 creatures vanquished.

Grand Total: 163 creatures vanquished

Notes
Turn   | Place    | Note
-------+----------+-------------------------------------------
     0 | D:1      | mg7810 the Human Fighter began the quest for the Orb.
     0 | D:1      | Reached XP level 1. HP: 18/18 MP: 1/1
    75 | D:1      | Reached XP level 2. HP: 22/24 MP: 2/2
   365 | D:1      | Reached XP level 3. HP: 28/29 MP: 3/3
  1051 | D:2      | Found a basalt altar of Yredelemnul.
  1170 | D:2      | Found an opulent altar of Gozag.
  1298 | D:2      | Reached XP level 4. HP: 29/35 MP: 4/4
  1547 | D:2      | Found a sacrificial altar of Ru.
  1640 | D:2      | Found a hazy altar of Hepliaklqana.
  1765 | D:2      | Reached skill level 1 in Throwing
  1911 | D:2      | Found a radiant altar of Vehumet.
  1997 | D:2      | Reached skill level 3 in Axes
  2027 | D:2      | Reached XP level 5. HP: 35/41 MP: 5/5
  2240 | D:3      | Noticed Terence
  2252 | D:3      | Killed Terence
  2545 | D:3      | Reached XP level 6. HP: 9/48 MP: 6/6
  3013 | D:2      | Became a worshipper of Ru the Awakened
  3211 | D:4      | Reached skill level 4 in Axes
  3441 | D:4      | Reached XP level 7. HP: 35/54 MP: 7/7
  4021 | D:4      | Reached skill level 5 in Axes
  4382 | D:5      | Entered Level 5 of the Dungeon
  4397 | D:5      | Found an ornate altar of the Wu Jian Council.
  4428 | D:5      | Reached XP level 8. HP: 51/60 MP: 8/8
  4766 | D:5      | Gained mutation: You are hated by all. [Ru sacrifice]
  4766 | D:5      | Reached * piety under Ru
  4866 | D:5      | Reached skill level 5 in Shields
  4997 | D:5      | Found a shimmering blue altar of Sif Muna.
  5224 | D:6      | Found Ysysyrphi's General Store.
  5288 | D:6      | Found a staircase to the Ecumenical Temple.
  5288 | D:6      | Noticed Menkaure
  5300 | D:6      | Killed Menkaure
  5300 | D:6      | Reached skill level 6 in Axes
  5301 | D:6      | Found Vofye's Antique Weapon Emporium.
  5438 | D:6      | Bought a masterwork hand axe for 208 gold pieces
  5438 | D:6      | Identified the +5 hand axe of the Thieving Hero {elec,
                  | +Rage +Inv} (You bought it in a shop on level 6 of the
                  | Dungeon)
  5486 | D:6      | Found a burning altar of Makhleb.
  5789 | D:6      | Reached skill level 1 in Evocations
  5845 | D:6      | Found a white marble altar of Elyvilon.
  5915 | D:6      | Found Niystuixitz's Gadget Shop.
  6001 | D:6      | Found Waipsum's Antique Weapon Boutique.
  6116 | D:6      | Found a broken altar of Ashenzari.
  6147 | D:6      | Found Counny's Book Shoppe.
  6298 | D:6      | Found a snail-covered altar of Cheibriados.
  6342 | D:6      | Found a bloodstained altar of Trog.
  6427 | D:7      | Reached XP level 9. HP: 64/66 MP: 9/9
  6560 | D:7      | Noticed Prince Ribbit
  6579 | D:7      | Killed Prince Ribbit
  6579 | D:7      | Reached skill level 7 in Axes
  6585 | D:7      | Got a jewelled morningstar
  6586 | D:7      | Identified the +10 morningstar "mg7810's Death" {vorpal,
                  | rPois MR+} (You found it on level 7 of the Dungeon)
  6719 | D:7      | Reached skill level 5 in Armour
  6842 | D:7      | Found a stormy altar of Qazlal.
  6948 | D:7      | Reached skill level 5 in Fighting
  7101 | D:7      | Found Beno's Weapon Boutique.
  7120 | D:7      | Found Runaoddi's Jewellery Emporium.
  7133 | D:7      | Gained mutation: You are somewhat unskilled. (-1 Apt) [Ru
                  | sacrifice]
  7133 | D:7      | Reduced skill Axes to level 6
  7133 | D:7      | Reached ** piety under Ru
  7133 | D:7      | Reached *** piety under Ru
  7148 | D:7      | Got a polished long sword
  7149 | D:7      | Identified the +4 long sword of Gluttony {vorpal, Str+2}
                  | (You found it on level 7 of the Dungeon)
  7485 | D:8      | Reached skill level 7 in Axes
  7635 | D:8      | Killed from afar by an orc priest

Illustrated notes

Levels and vault maps discovered:
D:1:      erik_arrival_orb_chamber, layout_basic
D:2:      layout_rooms, marbit_many_paths, yredelemnul_altar_generic,
          nicolae_overflow_hidden_temple, grunt_gozag_statues,
          lemuel_coloured_pillars_altar, kennysheep_cluttered_room
D:3:      layout_rooms, uniq_terence
D:4:      layout_gridville
D:5:      layout_basic, overflow_temple_1_default,
          nicolae_overflow_crystal_walls, minmay_misc_feat_tower
D:6:      layout_basic, kennysheep_little_box, old_standard_altar,
          kennysheep_mini, slow_altar_2, overflow_temple_1_default,
          minmay_temple_entry_trees, serial_shops, shop,
          nicolae_shop_statue_plus, shop_fountains, shop, nicolae_shop_trees,
          uniq_menkaure
D:7:      layout_loops_ring, grunt_qazlal_clouds, serial_shops, shop,
          nicolae_shop_temple_entry_statues_fountains, uniq_prince_ribbit1
D:8:      layout_basic, david_lair_generic, kennysheep_nondescript

Skill      XL: |  1  2  3  4  5  6  7  8  9 |
---------------+----------------------------+-----
Throwing       | 1 2 3 4 |  4.6
Axes           | 3 4 5 6 7 |  7.1
Shields        | 4 5 |  5.7
Armour         | 4 4 |  4.8
Fighting       | 4 4 |  4.7
Evocations     | 1 3 |  3.0

Action                   |  1- 3 |  4- 6 |  7- 9 || total
-------------------------+-------+-------+-------++-------
Melee: War axe           |    79 |   176 |   130 ||   385
       Hand axe          |       |       |   159 ||   159
Throw: Dart              |       |       |     3 ||     3
Invok: Sacrifice Love    |       |       |     1 ||     1
       Sacrifice Skill   |       |       |     1 ||     1
Evoke: Wand              |       |     3 |     3 ||     6
  Use: Scroll            |     3 |     4 |     8 ||    15
       Potion            |       |     3 |     1 ||     4
 Stab: Paralysed         |       |     6 |     8 ||    14
Armor: Scale mail        |    14 |       |       ||    14
       Chain mail        |    35 |   156 |    11 ||   202
       Plate armour      |       |       |   135 ||   135
Dodge: Dodged            |    22 |    26 |    10 ||    58
Block: Kite shield       |    40 |    70 |       ||   110
       Tower shield      |       |   125 |   231 ||   356

Table legend: (Time is in decaauts)
 A = Elapsed time spent in this place.
 B = Non-inter-level travel time spent in this place.
 C = Inter-level travel time spent in this place.
 D = Time resting spent in this place.
 E = Time spent auto-exploring this place.
 F = Levels seen in this place.
 G = Mean time per level.
                   A        B        C        D        E       F      G
               +--------+--------+--------+--------+--------+-----+--------+
         Total |   7817 |   7677 |    140 |      0 |   5933 |   8 |  977.1 |
       Dungeon |   7817 |   7677 |    140 |      0 |   5933 |   8 |  977.1 |
               +--------+--------+--------+--------+--------+-----+--------+

Top non-repeatable levels by time:
     D:4: 1373 daAuts
     D:2: 1250 daAuts
     D:6: 1236 daAuts
     D:1: 1076 daAuts
     D:7: 959 daAuts
     D:3: 823 daAuts
     D:5: 805 daAuts
     D:8: 292 daAuts
